Map: New Gettysburg LE

Players

Amix - Winner!

  • Race: Zerg Zerg
  • League: Platinum
  • Spawn Location: 7:00

Stumm

  • Race: Protoss Protoss
  • League: Gold
  • Spawn Location: 5:00

VOD

Have the link to the VOD?

Description

Time

  • Played on: Nov. 12, 2016, 6:19 a.m.
  • Length: 16:37
Show
View Real Time Build Order
Export as new Build Order

Amix Zerg - Winner!

Build Orders: Hatch First 

Get SALT Encoding   

  12  0:01  Drone  
  13  0:13  Overlord  
  13  0:19  Drone  
  14  0:31  Drone x2  
  14  0:35  Drone  
  17  0:56  Hatchery  
  16  1:07  Extractor  
  16  1:08  Drone  
  16  1:14  Spawning Pool  
  16  1:15  Drone  
  16  1:20  Drone  
  17  1:38  Drone  
  18  1:47  Drone  
  18  1:53  Drone  
  20  2:03  Drone  
  20  2:07  Queen  
  23  2:08  Spine Crawler  
  23  2:09  Drone  
  23  2:16  Drone  
  23  2:18  Queen  
  26  2:23  Zergling x2  
  27  2:36  Drone  
  28  2:40  Metabolic Boost  
  28  2:55  Overlord x2  
  28  3:09  Roach Warren  
  27  3:16  Spore Crawler  
  26  3:29  Spore Crawler  
  26  3:30  Drone  
  26  3:34  Drone, Hatchery  
  26  3:43  Drone x3  
  29  3:50  Drone x2  
  29  3:53  Drone  
  32  4:08  Drone x5  
  37  4:16  Drone x4  
  40  4:25  Queen  
  40  4:27  Drone  
  40  4:29  Overlord  
  43  4:41  Lair  
  43  4:44  Overlord x2  
  43  5:00  Drone x5  
  43  5:01  Drone x3  
  43  5:02  Drone  
  49  5:10  Spore Crawler x2  
  47  5:16  Pneumatized Carapace  
  47  5:17  Drone x5  
  47  5:18  Drone x2  
  54  5:24  Extractor  
  54  5:25  Extractor  
  52  5:37  Extractor  
  52  5:39  Spore Crawler  
  50  5:52  Spore Crawler  
  50  5:55  Spore Crawler  
  46  6:06  Queen x3  
  52  6:15  Drone x10  
  52  6:16  Drone x6  
  68  6:20  Spore Crawler  
  68  6:25  Drone x3  
  70  6:41  Spore Crawler  
  70  6:44  Glial Reconstitution  
  69  6:51  Hydralisk Den  
  69  6:52  Roach x2  
  69  6:53  Overlord  
  69  6:54  Overlord x6  
  72  6:58  Overseer  
  72  7:01  Overseer  
  72  7:02  Drone  
  72  7:04  Overlord x2  
  73  7:10  Spore Crawler  
  72  7:20  Drone x4  
  72  7:21  Evolution Chamber  
  75  7:23  Muscular Augments  
  75  7:25  Evolution Chamber  
  75  7:28  Extractor  
  73  7:31  Extractor  
  73  7:32  Spine Crawler  
  73  7:36  Hydralisk x5  
  77  8:18  Hydralisk x5  
  77  8:19  Hydralisk x9  
  97  8:20  Hydralisk  
  97  8:21  Hydralisk  
  109  8:48  Drone x7, Spore Crawler  
  115  8:56  Hydralisk x5  
  115  9:00  Spore Crawler  
  115  9:01  Overlord x2  
  115  9:02  Overlord  
  124  9:09  Zerg Missile Weapons Level 1  
  124  9:10  Zerg Ground Armor Level 1  
  124  9:14  Tunneling Claws  
  124  9:16  Hydralisk  
  124  9:17  Hydralisk x3  
  132  9:58  Hydralisk x5  
  132  9:59  Hydralisk x5  
  152  10:16  Hatchery  
  152  10:18  Nydus Network  
  150  10:22  Hatchery  
  149  10:44  Hydralisk x3  
  149  10:45  Hydralisk x3  
  149  10:47  Overlord x8  
  161  10:56  Spore Crawler  
  160  11:09  Spire  
  160  11:10  Hydralisk x4  
  160  11:11  Hydralisk x2  
  167  11:15  Zerg Missile Weapons Level 2, Infestation Pit  
  170  11:21  Overseer  
  170  11:22  Overseer  
  170  11:23  Overseer x2  
  170  11:41  Hydralisk x4  
  170  11:42  Hydralisk x3  
  184  12:44  Spore Crawler  
  184  12:47  Overlord x6  
  184  12:51  Spore Crawler  
  182  12:52  Spore Crawler x2  
  182  12:54  Corruptor x5, Spore Crawler  
  182  12:55  Corruptor x4  
  193  13:46  Queen x3  
  131  15:26  Corruptor x9  
  131  15:27  Corruptor x8  
  131  15:28  Corruptor x7  
Show
View Real Time Build Order
Export as new Build Order

Stumm Protoss 

Build Orders: Oracle Opening 

Get SALT Encoding   

  12  0:01  Probe (Chrono Boost)  
  13  0:12  Probe (Chrono Boost)  
  14  0:20  Pylon  
  14  0:23  Probe (Chrono Boost)  
  15  0:38  Probe (Chrono Boost)  
  16  0:43  Gateway  
  16  0:49  Probe (Chrono Boost)  
  17  0:59  Forge, Probe (Chrono Boost)  
  17  1:03  Assimilator  
  18  1:12  Probe (Chrono Boost)  
  18  1:16  Pylon  
  19  1:35  Probe (Chrono Boost)  
  20  1:42  Assimilator  
  20  1:45  Cybernetics Core  
  20  1:46  Probe (Chrono Boost)  
  21  1:47  Pylon  
  21  2:02  Photon Cannon  
  21  2:06  Probe (Chrono Boost)  
  22  2:17  Probe (Chrono Boost)  
  23  2:27  Probe (Chrono Boost), Photon Cannon  
  24  2:39  Pylon  
  24  2:44  Stargate  
  23  2:58  Zealot  
  23  3:02  Pylon  
  27  3:05  Mothership Core (Chrono Boost)  
  27  3:18  Nexus  
  27  3:29  Photon Cannon  
  27  3:40  Photon Cannon  
  27  3:47  Photon Cannon  
  27  3:56  Oracle (Chrono Boost)  
  30  4:04  Pylon  
  30  4:11  Assimilator  
  30  4:14  Assimilator  
  30  4:28  Oracle (Chrono Boost)  
  43  5:00  Phoenix (Chrono Boost)  
  34  5:21  Phoenix (Chrono Boost)  
  34  5:31  Stargate  
  34  5:32  Pylon  
  34  5:34  Pylon  
  34  5:43  Phoenix (Chrono Boost)  
  33  6:08  Phoenix (Chrono Boost)  
  33  6:09  Probe  
  36  6:16  Probe  
  37  6:20  Probe  
  38  6:28  Probe  
  38  6:30  Probe  
  38  6:31  Phoenix x2 (Chrono Boost)  
  44  6:40  Probe  
  44  6:41  Probe  
  46  6:51  Phoenix (Chrono Boost)  
  46  6:52  Probe x2  
  46  6:53  Phoenix (Chrono Boost)  
  52  7:02  Protoss Air Weapons Level 1  
  52  7:03  Protoss Shields Level 1 (Chrono Boost)  
  52  7:04  Probe x2  
  54  7:09  Cybernetics Core  
  54  7:16  Probe  
  55  7:23  Void Ray  
  55  7:28  Probe, Void Ray  
  60  8:12  Phoenix  
  58  8:15  Phoenix  
  58  8:18  Probe  
  63  8:29  Nexus  
  63  8:30  Probe  
  64  8:40  Pylon, Phoenix (Chrono Boost)  
  66  8:42  Probe  
  66  8:45  Phoenix (Chrono Boost)  
  69  8:54  Probe  
  70  9:03  Phoenix (Chrono Boost)  
  70  9:06  Probe  
  70  9:09  Void Ray (Chrono Boost)  
  77  9:17  Protoss Air Armor Level 1 (Chrono Boost)  
  77  9:26  Void Ray  
  77  9:27  Fleet Beacon  
  81  9:38  Twilight Council  
  81  9:41  Pylon  
  81  9:44  Pylon  
  81  9:49  Probe  
  82  9:54  Void Ray  
  82  10:00  Probe  
  82  10:07  Assimilator  
  87  10:10  Probe  
  87  10:11  Assimilator  
  88  10:21  Probe  
  95  10:29  Anion Pulse-Crystals (Chrono Boost)  
  95  10:31  Probe  
  96  10:42  Probe  
  96  10:43  Photon Cannon  
  96  10:44  Photon Cannon  
  96  10:48  Photon Cannon  
  97  10:52  Probe  
  98  10:57  Void Ray (Chrono Boost)  
  98  11:01  Void Ray (Chrono Boost)  
  106  11:14  Protoss Air Weapons Level 2  
  106  11:31  Photon Cannon  
  106  11:33  Photon Cannon  
  106  11:35  Photon Cannon  
  106  11:52  Void Ray  
  106  11:57  Void Ray  
  114  12:13  Probe  
  115  12:23  Probe  
  115  12:29  Void Ray  
  116  12:34  Probe  
  121  12:40  Void Ray  
  125  13:10  Probe  
  114  13:20  Probe  
  114  13:24  Void Ray  
  113  13:29  Void Ray  
  113  13:31  Probe  
  122  13:47  Nexus  
  122  13:51  Assimilator  
  122  13:53  Assimilator  
  120  13:57  Pylon  
  120  14:00  Pylon  
  12  15:02  Photon Cannon  
  12  15:03  Photon Cannon  
  12  15:04  Probe  
  12  15:05  Photon Cannon  
  12  15:06  Photon Cannon  
  2  15:15  Gateway, Probe  
  2  15:16  Gateway  
  2  15:19  Gateway  
  3  15:23  Gateway  
  3  15:26  Probe  
  4  15:33  Nexus  
  4  15:34  Cybernetics Core  
  4  15:36  Probe  
  4  15:38  Forge  
  5  15:47  Probe  
  6  15:57  Probe  
  7  16:08  Probe  
  8  16:18  Probe  
Tags
 
Add a new tag
Caveats
  • Supply blocks, unpowered buildings, or Contaminate may cause inaccurate times.
  • Supply counts are checked every 10 seconds.